 Dungeon Crawl Stone Soup version 0.29-a0-923-g6e406bff71 (webtiles) character file.

Game seed: 8303091576193234136

6815 Sobieck the Thaumaturge (level 11, -16/81 HPs)
             Began as a Djinni Fire Elementalist on July 27, 2022.
             Was a Believer of Makhleb.
             Demolished by a sun demon (25 damage)
             ... on level 9 of the Dungeon.
             The game lasted 00:28:16 (9551 turns).

Sobieck the Thaumaturge (Djinni Fire Elementalist)  Turns: 9551, Time: 00:28:17

Health: -16/81     AC:  8    Str:  7    XL:     11   Next: 25%
Gold:   185        EV: 13    Int: 21    God:    Makhleb [**....] SH:  0 Dex: 14

rFire   + + .      SeeInvis .   H - +2 hand axe (vamp) {axe}
rCold   . . .      Faith    .   (no shield)
rNeg    . . .      Spirit   .   v - +2 troll leather armour {Pargi}
rPois   ∞          Reflect  .   w - +0 helmet
rElec   +          Harm     .   y - scarf {shadows}
rCorr   .          Rampage  .   d - +0 pair of gloves of Activism {rElec}
Will    +....                   (boots unavailable)
Stlth   ++........              (no amulet)
HPRegen 1.03/turn               A - ring of protection from cold
MPRegen 0.00/turn               (no ring)

@: flying
A: sickness immunity, fire resistance 2, cold vulnerability 1, float, innate
caster, HP casting, extra vitality 1, mutation resistance 1, noise suppression
a: Renounce Religion, Minor Destruction


You were on level 9 of the Dungeon.
You worshipped Makhleb.
Makhleb was pleased with you.
You visited 2 branches of the dungeon, and saw 10 of its levels.
You also visited: Sewer.

You collected 353 gold pieces.
You spent 168 gold pieces at shops.


Innate Abilities, Weirdness & Mutations

You are immune to sickness and miasma.
You are immune to poison.
Your flesh is very heat resistant. (rF++)
You are vulnerable to cold. (rC-)
You float through the air rather than walking.
You learn spells naturally, not from books.
Your magical power is your life essence.
You have superior vitality. (+4 MHP)
You are somewhat resistant to further mutation.
You passively dampen the noise of your surroundings.


   Skills:
 - Level 8.0 Fighting
 - Level 5.0 Dodging
 - Level 1.5 Stealth
 * Level 11.0 Spellcasting


You had 6 spell levels left.
You knew the following spells:

 Your Spells              Type           Power      Damage    Failure   Level
a - Foxfire               Conj/Fire      100%       2x1d9     1%          1
b - Scorch                Fire           100%       2d10      1%          2
c - Conjure Flame         Conj/Fire      55%        6-21      1%          3
d - Inner Flame           Hex/Fire       55%        N/A       1%          3
e - Flame Wave            Conj/Fire      55%        2d13      1%          4
f - Shock                 Conj/Air       100%       1d9       1%          1
g - Static Discharge      Conj/Air       55%        3-10/arc  1%          2
h - Summon Guardian Gole  Hex/Summ       55%        N/A       1%          3
i - Vampiric Draining     Necr           55%        2d9       1%          3
j - Fulminant Prism       Conj/Hex       27%        3d14      1%          4
Your spell library was empty.

Inventory:

Hand Weapons
 a - a +0 sling
   (You found it on level 3 of the Dungeon)
 c - a +0 club {mace}
   (You found it on level 1 of the Dungeon)
 F - a +1 dagger of protection {short}
   (You took it off a goblin on level 3 of the Dungeon)
 H - a +2 vampiric hand axe (weapon) {axe}
   (You found it on level 3 of the Dungeon)
Missiles
 b - 67 stones {throwing}
 k - 4 datura-tipped darts {throwing}
 q - a boomerang {throwing}
 x - 10 poisoned darts {throwing}
 P - 6 atropa-tipped darts {throwing}
 Z - 6 curare-tipped darts {=fthrowing}
Armour
 d - the +0 pair of gloves of Activism (worn) {rElec}
   (You found it on level 6 of the Dungeon)

   rElec:     It insulates you from electricity.
 t - a +0 robe
 v - a +2 troll leather armour (worn) {Pargi}
   (You found it in a sewer)
 w - a +0 helmet (worn)
   (You found it in a sewer)
 y - a scarf of shadows (worn)
   (You found it in a sewer)
 B - a +0 leather armour
   (You took it off Ijyb on level 3 of the Dungeon)
 G - a +0 pair of gloves
   (You found it on level 3 of the Dungeon)
 I - a +0 ring mail
   (You took it off an orc on level 3 of the Dungeon)
 K - a +0 chain mail
   (You found it on level 5 of the Dungeon)
 L - a +0 robe
   (You took it off an orc wizard on level 4 of the Dungeon)
 M - a +0 robe
   (You took it off an orc wizard on level 4 of the Dungeon)
 N - a +0 leather armour
   (You took it off an orc on level 4 of the Dungeon)
 O - a +0 robe
   (You took it off an orc wizard on level 4 of the Dungeon)
 Q - a +0 robe
   (You took it off an orc wizard on level 5 of the Dungeon)
 R - a +0 robe
   (You took it off an orc wizard on level 4 of the Dungeon)
 S - a +0 robe
   (You took it off an orc wizard on level 4 of the Dungeon)
 T - a +0 robe
   (You took it off an orc wizard on level 4 of the Dungeon)
 U - a +0 robe
   (You took it off an orc wizard on level 4 of the Dungeon)
 V - a +0 chain mail
   (You took it off an orc warrior on level 4 of the Dungeon)
 W - a +0 scale mail
   (You took it off Edmund on level 4 of the Dungeon)
 X - a +0 leather armour
   (You took it off an orc on level 4 of the Dungeon)
 Y - a +0 leather armour
   (You found it on level 4 of the Dungeon)
Jewellery
 A - a ring of protection from cold (left hand)
   (You bought it in a shop on level 1 of the Dungeon)
Wands
 C - a wand of digging (13)
   (You took it off Ijyb on level 3 of the Dungeon)
 D - a wand of mindburst (8)
   (You found it on level 6 of the Dungeon)
 J - a wand of charming (10)
   (You found it on level 8 of the Dungeon)
Scrolls
 e - a scroll of fog
 g - 10 scrolls of teleportation {@r4}
 m - 4 scrolls of blinking {!r}
 n - a scroll of enchant weapon {unknown}
 r - 4 scrolls of poison
 s - 2 scrolls of vulnerability {!r!r}
 u - a scroll of fear
Potions
 f - 3 potions of haste {@q3}
 h - 6 potions of flight
 i - a potion of attraction {!q}
 j - 2 potions of ambrosia
 l - a potion of curing {@q1}
 o - a potion of invisibility
 p - a potion of might {unknown}
 z - 3 potions of mutation {!q}
 E - a potion of magic

Dungeon Overview and Level Annotations

Branches:
Dungeon (9/15) Zot: 26307  Temple (1/1) D:4 Zot: 5978   Sewer (visited)
   Lair: D:8-11         Orc: D:9-12

Altars:
Ashenzari
Cheibriados
Dithmenos
Fedhas
Gozag
Hepliaklqana
Makhleb
Nemelex Xobeh
Okawaru
Qazlal
Ru
Wu Jian
Xom
Yredelemnul

Shops:
D:1 *   D:2 ?

Annotations:
D:5 2 transporters, Heh's ghost, amateur MiFi

#....# #.... #....# #.... ####
#....######.... ...###
#......##...... .....####
#......##...... ........##
##......#....... ##.......##
######...#...#.......
..........###....#...#...#....>.#
................@..............##
...#.............3.*..........##
...#.........................##
.............................#
.............................#
>.......<....................###
...............................#
#..............................#
#......##......#................


You could see a sun demon (ally target) and a friendly fulminant prism.


Message History

Casting: Fulminant Prism (mildly dangerous; 1% risk of failure)
Confirm with . or Enter, or press ? or * to list all spells.
Aiming: Fulminant Prism (mildly dangerous; 1% risk of failure)
Press: ? - help, Dir - move target You conjure a prism of explosive energy!
A fulminant prism comes into view.
Your fulminant prism crackles loudly.
The blast of energy engulfs the sun demon!!
You kill the sun demon!
Makhleb accepts your kill.
You feel better.
Your Spellcasting skill increases to level 11!
Casting: Fulminant Prism (mildly dangerous; 1% risk of failure)
Confirm with . or Enter, or press ? or * to list all spells.
Okay, then.
Unknown command.
Danger!
Casting: Fulminant Prism (mildly dangerous; 1% risk of failure)
Confirm with . or Enter, or press ? or * to list all spells.
Aiming: Fulminant Prism (mildly dangerous; 1% risk of failure)
Press: ? - help, Dir - move target You conjure a prism of explosive energy!
A fulminant prism comes into view.
Your fulminant prism crackles loudly.
The sun demon hits your fulminant prism!!
The blast of energy engulfs the sun demon!
Casting: Fulminant Prism (mildly dangerous; 1% risk of failure)
Confirm with . or Enter, or press ? or * to list all spells.
Aiming: Fulminant Prism (mildly dangerous; 1% risk of failure)
Press: ? - help, Dir - move target You conjure a prism of explosive energy!
A fulminant prism comes into view.
Your fulminant prism crackles loudly.
The sun demon hits your fulminant prism.
Your fulminant prism is engulfed in flames.
Your fulminant prism resists.
The blast of energy engulfs the sun demon!!
You hear a shout!
You hear a screech!
Casting: Fulminant Prism (mildly dangerous; 1% risk of failure)
Confirm with . or Enter, or press ? or * to list all spells.
Aiming: Fulminant Prism (mildly dangerous; 1% risk of failure)
Press: ? - help, Dir - move target You conjure a prism of explosive energy!
A fulminant prism comes into view.
The sun demon hits your fulminant prism!!
There is a stone staircase leading up here.
Casting: Fulminant Prism (mildly dangerous; 1% risk of failure)
Confirm with . or Enter, or press ? or * to list all spells.
Aiming: Fulminant Prism (mildly dangerous; 1% risk of failure)
Press: ? - help, Dir - move target You conjure a prism of explosive energy!
A fulminant prism comes into view.
A quasit comes into view.
Casting: Fulminant Prism (mildly dangerous; 1% risk of failure)
Confirm with . or Enter, or press ? or * to list all spells.
Aiming: Fulminant Prism (mildly dangerous; 1% risk of failure)
Press: ? - help, Dir - move target You conjure a prism of explosive energy!
A fulminant prism comes into view.
Your fulminant prism crackles loudly.
The sun demon closely misses you.
The blast of energy engulfs the quasit!!
You kill the quasit!
Makhleb accepts your kill.
The blast of energy engulfs the sun demon!
Your fulminant prism crackles loudly.
You hear a shout!
The sun demon completely misses you. The sun demon misses you.
The blast of energy engulfs the sun demon!
You hear a shout!
You hear a bellow!
Casting: Fulminant Prism (mildly dangerous; 1% risk of failure)
Confirm with . or Enter, or press ? or * to list all spells.
A blue arc grounds itself harmlessly.
The sun demon hits you!!
You are engulfed in flames.
You resist.
Unknown command.
Casting: Static Discharge (safe; 1% risk of failure)
Confirm with . or Enter, or press ? or * to list all spells.
Some blue arcs ground themselves harmlessly.
The sun demon misses you.
Unknown command.
Casting: Static Discharge (safe; 1% risk of failure)
Confirm with . or Enter, or press ? or * to list all spells.
A blue arc grounds itself harmlessly.
The sun demon hits you.
You are engulfed in flames.
You resist.
* * * LOW HITPOINT WARNING * * *
Casting: Static Discharge (safe; 1% risk of failure)
Confirm with . or Enter, or press ? or * to list all spells.
Aiming: Fulminant Prism (mildly dangerous; 1% risk of failure)
Press: ? - help, Dir - move target You conjure a prism of explosive energy!
* * * LOW HITPOINT WARNING * * *
A fulminant prism comes into view.
The sun demon hits you!!
* * * LOW HITPOINT WARNING * * *
You are engulfed in flames.
You resist.
* * * LOW HITPOINT WARNING * * *
It was a potion of mutation.
You feel extremely strange.
You feel your surroundings grow quieter.
You feel genetically stable. The sun demon hits you!!
You die...

Skill      XL: |  1  2  3  4  5  6  7  8  9 10 11 |
---------------+----------------------------------+-----
Fighting       | 1 2 3 8 |  8.0
Spellcasting   | 3 4 5 7 9 10 11 | 11.0
Dodging        | 3 4 5 |  5.0
Stealth        | |  1.5

Action                   |  1- 3 |  4- 6 |  7- 9 | 10-12 || total
-------------------------+-------+-------+-------+-------++-------
Melee: Hand axe          |       |       |     1 |       ||     1
 Fire: Sling             |       |     6 |       |       ||     6
 Cast: Foxfire           |    74 |   111 |   195 |    61 ||   441
       Scorch            |       |    20 |    24 |    17 ||    61
       Static Discharge  |       |     2 |       |     7 ||     9
       Summon Guardian G |       |       |     3 |     6 ||     9
       Flame Wave        |       |       |     7 |     7 ||    14
       Conjure Flame     |       |       |       |     1 ||     1
       Fulminant Prism   |       |       |       |    14 ||    14
  Use: Scroll            |     2 |     5 |    10 |     1 ||    18
       Potion            |       |       |     3 |     1 ||     4
Armor: Robe              |       |     2 |       |       ||     2
       Troll leather arm |       |     2 |     9 |     4 ||    15
       Skin              |       |       |     1 |       ||     1
Dodge: Dodged            |     6 |     2 |    33 |    28 ||    69

Levels and vault maps discovered:
D:1:      minmay_arrival_diagonal_passages, layout_loops_ring, serial_shops,
          nicolae_shop_hallway_stairs, serial_rivers,
          chequers_serial_rivers_room_b, chequers_serial_rivers_micro_e,
          chequers_serial_rivers_large_b, chequers_serial_rivers_large_a,
          chequers_serial_rivers_micro_e, chequers_serial_rivers_micro_b
D:2:      layout_loops_ring, serial_glass, glass_columns_b, glass_columns_a,
          minmay_strange_pillars, item_on_display_a, serial_shops,
          nicolae_shop_trees, minmay_misc_feat_secret_circle,
          minmay_misc_feat_four_crosses, st_stairs_5, kennysheep_jessica_study
D:3:      layout_basic, nicolae_dithmenos_shadow_blocks, portal_sewer_entry_c,
          shapermc_ecumenical_altar_starsandcircs, nrook_campfire, uniq_jessica,
          uniq_ijyb, uniq_robin
D:4:      layout_basic, lemuel_round_altar, overflow_temple_1_default,
          chequers_temple_overflow_statue_of_worship,
          minmay_temple_entry_antechambers, uniq_edmund
D:5:      layout_loops_corners, nemelex_xobeh_ov_fountains_minmay,
          gammafunk_ghost_arena, amcnicky_mini_corridor_feature
D:6:      layout_loops_ring
D:7:      layout_cave_pods, uniq_maggie
D:8:      layout_loops_ring, mainiacjoe_overflow_brackets
D:9:      layout_cross, nzn_overflow_gifts_of_might_and_magic,
          good_gods_mini_temple, serial_demonic, serial_demonic_e,
          serial_demonic_f, serial_demonic_a, serial_demonic_a
Temple:   nicolae_temple_ecumenical_triangle

Notes
Turn   | Place    | Note
-------+----------+-------------------------------------------
     0 | D:1      | Sobieck the Djinni Fire Elementalist began the quest for
                  | the Orb.
     0 | D:1      | Sobieck set off with the following spells memorised:
                  | Foxfire, Scorch, Conjure Flame, Inner Flame, Flame Wave.
     0 | D:1      | Reached XP level 1. HP: 15/15 MP: 0/0
   101 | D:1      | Found Eliown's Assorted Antiques.
   288 | D:1      | Reached XP level 2. HP: 20/22 MP: 0/0
   693 | D:1      | Bought a scroll labelled JIRHIOPN NAGO for 28 gold pieces
   747 | D:1      | Reached XP level 3. HP: 22/26 MP: 0/0
   747 | D:1      | Learned a level 1 spell: Shock
   882 | D:1      | Reached skill level 1 in Fighting
  1519 | D:1      | Reached skill level 3 in Spellcasting
  1760 | D:2      | Reached XP level 4. HP: 28/32 MP: 0/0
  2156 | D:2      | Reached skill level 3 in Dodging
  2596 | D:2      | Noticed Jessica
  2603 | D:2      | Killed Jessica
  2604 | D:2      | Reached skill level 2 in Fighting
  2604 | D:2      | Reached XP level 5. HP: 33/38 MP: 0/0
  2604 | D:2      | Learned a level 2 spell: Static Discharge
  2665 | D:2      | Found Gawol's Magic Scroll Emporium.
  3301 | D:3      | Found a shadowy altar of Dithmenos.
  3550 | D:3      | Found a glowing drain.
  3566 | D:3      | Reached XP level 6. HP: 35/44 MP: 0/0
  3613 | Sewer    | Entered a sewer
  3629 | Sewer    | Noticed Pargi
  3639 | Sewer    | Killed Pargi
  3640 | Sewer    | Reached skill level 4 in Spellcasting
  3833 | D:3      | Noticed Ijyb
  3843 | D:3      | Killed Ijyb
  3844 | D:3      | Reached skill level 4 in Dodging
  3892 | D:3      | Found a faded altar of an unknown god.
  3943 | D:3      | Noticed Robin
  4012 | D:3      | Killed Robin
  4444 | D:4      | Reached skill level 3 in Fighting
  4445 | D:4      | Reached XP level 7. HP: 49/50 MP: 0/0
  4445 | D:4      | Learned a level 3 spell: Summon Guardian Golem
  4531 | D:4      | Reached skill level 5 in Spellcasting
  4632 | D:4      | Reached XP level 8. HP: 37/56 MP: 0/0
  4692 | D:4      | Noticed Edmund
  4699 | D:4      | Killed Edmund
  4700 | D:4      | Reached skill level 6 in Spellcasting
  4740 | D:4      | Found a blossoming altar of Fedhas.
  4991 | D:4      | Found a stormy altar of Qazlal.
  5030 | D:4      | Found a hazy altar of Hepliaklqana.
  5030 | D:4      | Found a sacrificial altar of Ru.
  5097 | D:4      | Found a staircase to the Ecumenical Temple.
  5105 | Temple   | Entered the Ecumenical Temple
  5121 | Temple   | Became a worshipper of Makhleb the Destroyer
  5172 | D:5      | Entered Level 5 of the Dungeon
  5419 | D:5      | Reached skill level 7 in Spellcasting
  5428 | D:5      | HP: 7/56 [orc priest/divine providence (14)]
  5578 | D:5      | Found a transporter.
  5582 | D:5      | Found a transporter.
  5582 | D:5      | Noticed Heh's ghost (amateur MiFi)
  5959 | D:5      | Found a sparkling altar of Nemelex Xobeh.
  6029 | D:5      | Reached XP level 9. HP: 56/60 MP: 0/0
  6029 | D:5      | Learned a level 3 spell: Vampiric Draining
  6334 | D:6      | Reached skill level 8 in Spellcasting
  6443 | D:6      | Identified the +0 pair of gloves of Activism {rElec}
  6478 | D:6      | Reached * piety under Makhleb
  6751 | D:6      | Reached skill level 9 in Spellcasting
  7315 | D:7      | Reached XP level 10. HP: 61/67 MP: 0/0
  7324 | D:7      | Reached skill level 10 in Spellcasting
  7517 | D:7      | Noticed Maggie
  7535 | D:7      | Killed Maggie
  7536 | D:7      | Reached skill level 4 in Fighting
  7536 | D:7      | Reached skill level 5 in Dodging
  8036 | D:8      | Noticed a two-headed ogre
  8058 | D:8      | Killed a two-headed ogre
  8059 | D:8      | Reached skill level 6 in Fighting
  8182 | D:8      | Reached ** piety under Makhleb
  8236 | D:8      | Noticed a two-headed ogre
  8249 | D:8      | Killed a two-headed ogre
  8250 | D:8      | Reached skill level 7 in Fighting
  8543 | D:8      | Reached skill level 8 in Fighting
  8573 | D:8      | Found a broken altar of Ashenzari.
  8929 | D:9      | Noticed a sun demon
  9213 | D:1      | Bought a brass ring for 140 gold pieces
  9429 | D:9      | Noticed a mana viper
  9445 | D:9      | Reached XP level 11. HP: 81/81 MP: 0/0
  9445 | D:9      | Learned a level 4 spell: Fulminant Prism
  9446 | D:9      | Noticed a lindwurm
  9446 | D:9      | Noticed an orb spider
  9446 | D:9      | a lindwurm changed into an orb spider
  9457 | D:9      | Killed an orb spider
  9524 | D:9      | Noticed a sun demon
  9530 | D:9      | Killed a sun demon
  9531 | D:9      | Reached skill level 11 in Spellcasting
  9550 | D:9      | HP: 14/81 [sun demon (18)]
  9551 | D:9      | Gained mutation: You passively dampen the noise of your
                  | surroundings. [potion of mutation]
  9551 | D:9      | Gained mutation: You are somewhat resistant to further
                  | mutation. [potion of mutation]
  9551 | D:9      | Demolished by a sun demon

Vanquished Creatures
  2 two-headed ogres (D:8)
  A sun demon (D:9)
  An orb spider (shapeshifter) (D:9)
  Maggie (D:7)
  2 hornets
  A ynoxinul (D:9)
  A wyvern (D:7)
  2 steam dragons
  Edmund (D:4)
  2 water moccasins
  Pargi (Sewer)
  4 orc warriors
  2 sky beasts
  An ogre (D:4)
  A phantom (D:5)
  A kobold brigand (D:9)
  3 bullfrogs
  4 necrophages
  4 scorpions
  5 wights (D:7)
  6 killer bees (D:6)
  2 quasits (D:9)
  2 hounds (D:6)
  3 orc priests
  A jelly (D:4)
  Jessica (D:2)
  Ijyb (D:3)
  2 iguanas (D:4)
  15 orc wizards
  Robin (D:3)
  A gnoll (D:8)
  4 adders
  A river rat (D:3)
  A shadow imp (D:6)
  2 white imps
  3 ufetubi
  3 worms
  2 dart slugs
  24 orcs
  6 endoplasms
  7 giant cockroaches
  16 goblins
  13 hobgoblins
  4 jackals (D:1)
  17 kobolds
  7 quokkas
  6 ball pythons
  5 bats
  5 frilled lizards
  6 rats
207 creatures vanquished.

Vanquished Creatures (others)
  A gnoll bouda (D:8)
  3 gnolls (D:8)
  702 foxfires
  13 fulminant prisms (D:9)
719 creatures vanquished.

Grand Total: 926 creatures vanquished

Table legend:
 A = Non-vault XP
 B = Vault XP
 C = Vault XP percentage of total XP
 D = Non-vault monster count
 E = Vault monster count
 F = Vault count percentage of total count
                 A         B        C        D         E       F
            +---------+---------+-------+---------+---------+-------
      Total |    7854 |    1882 |  19.3 |     176 |      35 |  16.6
            +---------+---------+-------+---------+---------+-------
        D:1 |      53 |       0 |   0.0 |      33 |       0 |   0.0
        D:2 |      80 |      42 |  34.4 |      24 |       4 |  14.3
        D:3 |      87 |      94 |  51.9 |      10 |      19 |  65.5
        D:4 |     950 |     157 |  14.2 |      29 |       1 |   3.3
        D:5 |     406 |       0 |   0.0 |      14 |       0 |   0.0
        D:6 |    1121 |       0 |   0.0 |      21 |       0 |   0.0
        D:7 |    1254 |     370 |  22.8 |      18 |       1 |   5.3
        D:8 |    2836 |       0 |   0.0 |      21 |       0 |   0.0
        D:9 |    1067 |    1075 |  50.2 |       6 |       4 |  40.0
      Sewer |       0 |     144 | 100.0 |       0 |       6 | 100.0
            +---------+---------+-------+---------+---------+-------

Illustrated notes

Table legend:
 A = Kills in this place as a percentage of kills in entire the game.
 B = Kills by you in this place as a percentage of kills by you in the entire game.
 C = Kills by friends in this place as a percentage of kills by friends in the entire game.
 D = Other kills in this place as a percentage of other kills in the entire game.
 E = Experience gained in this place as a percentage of experience gained in the entire game.
 F = Experience gained in this place divided by the number of levels of this place that you have seen.
                   A       B       C       D       E      F
               +-------+-------+-------+-------+-------+----------------------
         Total | 100.0 | 100.0 |   N/A | 100.0 | 100.0 | 885.1
       Dungeon |  97.2 |  97.1 |   N/A | 100.0 |  98.5 | 1065.8
         Sewer |   2.8 |   2.9 |   N/A |   0.0 |   1.5 | 144.0
               +-------+-------+-------+-------+-------+----------------------

Table legend: (Time is in decaauts)
 A = Elapsed time spent in this place.
 B = Non-inter-level travel time spent in this place.
 C = Inter-level travel time spent in this place.
 D = Time resting spent in this place.
 E = Time spent auto-exploring this place.
 F = Levels seen in this place.
 G = Mean time per level.
                   A        B        C        D        E       F      G
               +--------+--------+--------+--------+--------+-----+--------+
         Total |   9560 |   8768 |    792 |    568 |   6522 |  11 |  869.1 |
       Dungeon |   9350 |   8562 |    788 |    546 |   6522 |   9 | 1038.9 |
        Temple |     21 |     17 |      4 |      0 |      0 |   1 |   21.0 |
         Sewer |    188 |    188 |      0 |     22 |      0 |   1 |  188.0 |
               +--------+--------+--------+--------+--------+-----+--------+

Top non-repeatable levels by time:
     D:1: 1751 daAuts
     D:2: 1505 daAuts
     D:3: 1094 daAuts
     D:7: 1093 daAuts
     D:5: 1005 daAuts
     D:8: 999 daAuts
     D:6: 892 daAuts
     D:4: 748 daAuts
     D:9: 258 daAuts
   Sewer: 188 daAuts
  Temple: 21 daAuts
